[ AOE2 MATCH · #477862895 ]
UnrankedBengalis vs Malians
Player's team · LOSS
Rival team · WIN
[ REPLAY ANALYSIS · EXTRACTED FROM THE RECORDED GAME ]
Feudal
12:31
Castle
16:11
Imperial
—
| APM avg | 46.6 |
| APM peak | 73 |
| eAPM avg | 19.4 |
| Villagers / military | 116 / 19 |
Focus
⚔️ 24.5% · 🌾 75.5%
Monk ×13 · Mangonel ×4 · Fishing Ship ×4 · Galley ×1 · Transport Ship ×1
Feudal
—
Castle
—
Imperial
—
| APM avg | 27.3 |
| APM peak | 54 |
| eAPM avg | 17.2 |
| Villagers / military | 80 / 72 |
Focus
⚔️ 34.6% · 🌾 65.4%
Scout Cavalry ×50 · Fishing Ship ×34 · Gbeto ×19 · Unknown (2626) ×5 · Trebuchet (Packed) ×3
Match map
Initial resources + every placement click. Lines = walls · curves = elevation contours. ◆ gold · ⬟ stone · ● berries · ✦ relic · ◌ wall gap
Your base· Open — unwalled flank
AttachedPoet380's base· Open — 3t gap
Smoothed initial terrain · ◌ = detected wall gap · hover for details
Inputs per minute
— hoyohoyo9 - - AttachedPoet380
Build order — hoyohoyo9
First 150 of 275 actions detected
| 0:16 | Build | Town Center |
| 0:45 | Build | Dock |
| 0:47 | Build | House |
| 1:56 | Build | Palisade Wall |
| 2:29 | Create | Villager (Male) |
| 2:29 | Create | Villager (Male) |
| 2:29 | Create | Villager (Male) |
| 2:30 | Create | Villager (Male) |
| 4:13 | Create | Villager (Male) |
| 4:13 | Create | Villager (Male) |
| 4:13 | Create | Villager (Male) |
| 4:24 | Create | Villager (Male) |
| 4:45 | Build | House |
| 5:25 | Create | Villager (Male) |
| 5:26 | Create | Villager (Male) |
| 5:46 | Create | Fishing Ship |
| 5:48 | Create | Villager (Male) |
| 6:15 | Create | Villager (Male) |
| 6:23 | Build | House |
| 6:52 | Create | Villager (Male) |
| 6:57 | Build | House |
| 7:03 | Create | Villager (Male) |
| 7:05 | Create | Fishing Ship |
| 7:33 | Create | Fishing Ship |
| 8:03 | Create | Villager (Male) |
| 8:03 | Create | Villager (Male) |
| 8:05 | Create | Fishing Ship |
| 8:14 | Build | House |
| 8:58 | Create | Villager (Male) |
| 9:25 | Research | Loom |
| 9:55 | Create | Villager (Male) |
| 10:00 | Build | Mill |
| 10:21 | Research | Feudal Age |
| 10:41 | Create | Villager (Male) |
| 10:51 | Build | Dock |
| 10:54 | Build | House |
| 12:04 | Create | Villager (Male) |
| 12:31 | Age | Feudal Age |
| 12:33 | Build | Market |
| 12:45 | Build | Blacksmith |
| 13:11 | Build | House |
| 13:15 | Build | Palisade Wall |
| 13:31 | Research | Castle Age |
| 13:55 | Build | Palisade Wall |
| 13:58 | Build | Palisade Wall |
| 14:05 | Build | Mining Camp |
| 14:07 | Create | Villager (Male) |
| 14:26 | Build | Lumber Camp |
| 14:33 | Create | Villager (Male) |
| 14:38 | Create | Villager (Male) |
| 14:44 | Build | Lumber Camp |
| 15:01 | Build | Palisade Wall |
| 15:06 | Create | Villager (Male) |
| 15:11 | Build | House |
| 15:14 | Build | Palisade Wall |
| 15:34 | Research | Double-Bit Axe |
| 15:44 | Create | Villager (Male) |
| 15:52 | Research | Town Watch |
| 16:11 | Age | Castle Age |
| 16:13 | Build | Siege Workshop |
| 16:28 | Build | Monastery |
| 16:29 | Create | Villager (Male) |
| 16:43 | Build | Palisade Wall |
| 16:55 | Create | Mangonel |
| 16:58 | Create | Monk |
| 17:00 | Create | Villager (Male) |
| 17:14 | Build | Lumber Camp |
| 17:17 | Create | Villager (Male) |
| 17:33 | Build | House |
| 17:40 | Create | Villager (Male) |
| 17:41 | Create | Monk |
| 18:02 | Research | Redemption |
| 18:31 | Create | Villager (Male) |
| 18:33 | Create | Mangonel |
| 18:50 | Build | House |
| 19:32 | Build | Farm |
| 19:32 | Build | Farm |
| 19:32 | Build | Farm |
| 19:33 | Build | Farm |
| 19:50 | Create | Monk |
| 19:50 | Create | Monk |
| 20:51 | Create | Villager (Male) |
| 20:54 | Build | House |
| 20:56 | Create | Monk |
| 21:05 | Create | Villager (Male) |
| 21:11 | Build | Monastery |
| 21:25 | Create | Mangonel |
| 21:29 | Build | House |
| 21:30 | Build | Farm |
| 21:30 | Build | Farm |
| 21:31 | Build | Farm |
| 21:31 | Build | Farm |
| 21:36 | Create | Villager (Male) |
| 21:54 | Create | Monk |
| 21:54 | Create | Monk |
| 21:54 | Create | Monk |
| 22:07 | Create | Villager (Male) |
| 22:33 | Create | Monk |
| 22:34 | Create | Monk |
| 22:42 | Build | Outpost |
| 22:44 | Create | Villager (Male) |
| 22:44 | Create | Villager (Male) |
| 22:55 | Build | Palisade Gate |
| 23:01 | Build | House |
| 23:08 | Create | Villager (Male) |
| 23:32 | Research | Sanctity |
| 23:34 | Create | Villager (Male) |
| 23:43 | Create | Villager (Male) |
| 24:04 | Create | Villager (Male) |
| 24:04 | Create | Villager (Male) |
| 24:20 | Create | Villager (Male) |
| 24:24 | Create | Mangonel |
| 24:29 | Build | Town Center |
| 24:30 | Create | Villager (Male) |
| 24:30 | Create | Villager (Male) |
| 24:33 | Build | Outpost |
| 24:42 | Create | Villager (Male) |
| 24:59 | Build | Outpost |
| 25:00 | Create | Villager (Male) |
| 25:11 | Build | Dock |
| 25:23 | Create | Monk |
| 25:24 | Create | Monk |
| 25:32 | Create | Villager (Male) |
| 25:41 | Create | Villager (Male) |
| 25:50 | Create | Galley |
| 25:56 | Create | Transport Ship |
| 26:00 | Build | House |
| 26:02 | Create | Villager (Male) |
| 26:16 | Create | Monk |
| 26:22 | Build | Farm |
| 26:23 | Build | Farm |
| 26:27 | Create | Villager (Male) |
| 26:27 | Create | Villager (Male) |
| 26:46 | Create | Villager (Male) |
| 26:49 | Build | Farm |
| 27:20 | Create | Villager (Male) |
| 27:25 | Create | Villager (Male) |
| 27:26 | Build | Farm |
| 27:27 | Create | Villager (Male) |
| 27:51 | Create | Villager (Male) |
| 27:51 | Create | Villager (Male) |
| 27:51 | Create | Villager (Male) |
| 27:54 | Build | House |
| 28:09 | Build | Market |
| 28:15 | Build | House |
| 28:19 | Create | Villager (Male) |
| 28:22 | Create | Villager (Male) |
| 28:27 | Build | Farm |
| 28:27 | Build | Farm |
| 28:27 | Build | Farm |
Build order — AttachedPoet380
First 150 of 311 actions detected
| 0:16 | Build | Town Center |
| 0:37 | Build | Dock |
| 1:14 | Build | House |
| 2:19 | Create | Villager (Male) |
| 2:20 | Create | Villager (Male) |
| 2:20 | Create | Villager (Male) |
| 2:33 | Create | Villager (Male) |
| 3:15 | Build | House |
| 3:46 | Create | Villager (Male) |
| 3:50 | Create | Fishing Ship |
| 3:50 | Create | Fishing Ship |
| 4:25 | Create | Villager (Male) |
| 4:25 | Create | Villager (Male) |
| 4:56 | Create | Villager (Male) |
| 4:57 | Create | Villager (Male) |
| 5:02 | Create | Fishing Ship |
| 5:21 | Create | Villager (Male) |
| 5:44 | Create | Villager (Male) |
| 5:47 | Create | Fishing Ship |
| 5:47 | Create | Fishing Ship |
| 6:06 | Build | House |
| 6:11 | Create | Villager (Male) |
| 6:12 | Research | Loom |
| 6:37 | Create | Villager (Male) |
| 6:58 | Build | Palisade Wall |
| 6:59 | Build | House |
| 7:02 | Build | Palisade Wall |
| 7:16 | Create | Fishing Ship |
| 7:23 | Build | House |
| 7:25 | Create | Villager (Male) |
| 7:53 | Create | Fishing Ship |
| 7:57 | Create | Villager (Male) |
| 8:22 | Create | Villager (Male) |
| 8:28 | Build | House |
| 8:31 | Build | House |
| 8:38 | Build | House |
| 8:42 | Create | Villager (Male) |
| 8:52 | Create | Villager (Male) |
| 9:02 | Create | Fishing Ship |
| 9:16 | Build | House |
| 9:26 | Build | Palisade Wall |
| 9:28 | Build | Palisade Wall |
| 9:31 | Build | Palisade Wall |
| 9:37 | Create | Villager (Male) |
| 10:01 | Create | Fishing Ship |
| 10:07 | Create | Villager (Male) |
| 10:27 | Create | Villager (Male) |
| 10:39 | Build | Lumber Camp |
| 10:53 | Create | Villager (Male) |
| 11:09 | Build | Dock |
| 11:32 | Research | Feudal Age |
| 11:43 | Build | Mining Camp |
| 11:49 | Build | House |
| 11:52 | Build | Palisade Wall |
| 11:58 | Create | Fishing Ship |
| 12:02 | Create | Fishing Ship |
| 12:28 | Build | Mill |
| 13:00 | Create | Villager (Male) |
| 13:10 | Create | Fishing Ship |
| 13:11 | Create | Fishing Ship |
| 13:15 | Create | Fishing Ship |
| 13:16 | Create | Fishing Ship |
| 13:17 | Create | Fishing Ship |
| 13:38 | Create | Villager (Male) |
| 13:46 | Create | Unit 2626 |
| 13:47 | Create | Unit 2626 |
| 14:04 | Build | Blacksmith |
| 14:10 | Build | Market |
| 14:15 | Create | Villager (Male) |
| 14:20 | Create | Unit 2626 |
| 14:22 | Create | Unit 2626 |
| 14:37 | Build | Palisade Wall |
| 14:42 | Build | Palisade Wall |
| 15:01 | Create | Unit 2626 |
| 15:05 | Create | Villager (Male) |
| 15:10 | Create | Villager (Male) |
| 15:42 | Create | Villager (Male) |
| 15:59 | Create | Fishing Ship |
| 16:01 | Create | Fishing Ship |
| 16:06 | Create | Fishing Ship |
| 16:06 | Create | Fishing Ship |
| 16:23 | Research | Castle Age |
| 16:30 | Build | Outpost |
| 16:46 | Research | Double-Bit Axe |
| 17:09 | Research | Tech 906 |
| 17:51 | Research | Gold Mining |
| 17:51 | Research | Stone Mining |
| 18:01 | Create | Fishing Ship |
| 18:01 | Create | Fishing Ship |
| 18:04 | Create | Fishing Ship |
| 18:04 | Create | Fishing Ship |
| 18:56 | Create | Villager (Male) |
| 19:06 | Research | Gillnets |
| 19:10 | Research | Bow Saw |
| 19:33 | Build | Castle |
| 19:52 | Build | House |
| 20:56 | Build | Mining Camp |
| 21:01 | Create | Villager (Male) |
| 21:02 | Create | Villager (Male) |
| 21:46 | Create | Villager (Male) |
| 22:18 | Build | Town Center |
| 22:21 | Create | Villager (Male) |
| 22:22 | Create | Villager (Male) |
| 22:55 | Create | Gbeto |
| 22:55 | Create | Gbeto |
| 22:55 | Create | Gbeto |
| 22:57 | Create | Villager (Male) |
| 23:13 | Create | Villager (Male) |
| 23:21 | Build | Dock |
| 23:39 | Create | Gbeto |
| 23:43 | Create | Villager (Male) |
| 23:53 | Create | Gbeto |
| 24:20 | Build | Town Center |
| 24:22 | Create | Villager (Male) |
| 24:22 | Create | Villager (Male) |
| 24:22 | Create | Villager (Male) |
| 24:32 | Research | Fletching |
| 25:14 | Research | Imperial Age |
| 25:16 | Create | Villager (Male) |
| 25:18 | Build | House |
| 25:19 | Build | House |
| 25:19 | Build | House |
| 25:21 | Create | Gbeto |
| 25:33 | Build | Dock |
| 25:39 | Create | Villager (Male) |
| 25:47 | Create | Gbeto |
| 25:48 | Create | Gbeto |
| 26:23 | Create | Villager (Male) |
| 26:23 | Create | Villager (Male) |
| 26:23 | Create | Villager (Male) |
| 26:27 | Create | Villager (Male) |
| 26:27 | Create | Villager (Male) |
| 26:38 | Create | Fishing Ship |
| 27:00 | Create | Gbeto |
| 27:01 | Create | Gbeto |
| 27:05 | Create | Villager (Male) |
| 27:12 | Build | Town Center |
| 27:17 | Build | House |
| 27:18 | Build | House |
| 27:34 | Create | Villager (Male) |
| 27:38 | Create | Villager (Male) |
| 28:27 | Create | Trebuchet (Packed) |
| 28:31 | Create | Villager (Male) |
| 28:31 | Create | Villager (Male) |
| 28:32 | Create | Villager (Male) |
| 28:32 | Create | Villager (Male) |
| 28:35 | Create | Villager (Male) |
| 28:35 | Create | Villager (Male) |
| 28:35 | Create | Villager (Male) |
| 28:40 | Create | Fishing Ship |
Match timeline
| 0:37 | AttachedPoet380 · first_building Dock |
| 0:45 | hoyohoyo9 · first_building Dock |
| 1:56 | hoyohoyo9 · wall_segment Palisade Wall x1 |
| 6:58 | AttachedPoet380 · wall_segment Palisade Wall x1 |
| 7:02 | AttachedPoet380 · wall_segment Palisade Wall x3 |
| 9:26 | AttachedPoet380 · wall_segment Palisade Wall x1 |
| 9:28 | AttachedPoet380 · wall_segment Palisade Wall x1 |
| 9:31 | AttachedPoet380 · wall_segment Palisade Wall x2 |
| 11:52 | AttachedPoet380 · wall_segment Palisade Wall x8 |
| 12:31 | hoyohoyo9 · age_up feudal |
| 13:15 | hoyohoyo9 · wall_segment Palisade Wall x6 |
| 13:23 | hoyohoyo9 · first_market_sell 100 stone |
| 13:55 | hoyohoyo9 · wall_segment Palisade Wall x7 |
| 13:58 | hoyohoyo9 · wall_segment Palisade Wall x4 |
| 14:37 | AttachedPoet380 · wall_segment Palisade Wall x1 |
| 14:42 | AttachedPoet380 · wall_segment Palisade Wall x1 |
| 15:01 | hoyohoyo9 · wall_segment Palisade Wall x9 |
| 15:14 | hoyohoyo9 · wall_segment Palisade Wall x1 |
| 16:11 | hoyohoyo9 · age_up castle |
| 16:13 | hoyohoyo9 · first_building Siege Workshop |
| 16:17 | AttachedPoet380 · first_market_sell 100 stone |
| 16:18 | AttachedPoet380 · first_market_buy 100 food |
| 16:28 | hoyohoyo9 · first_building Monastery |
| 16:43 | hoyohoyo9 · wall_segment Palisade Wall x9 |
| 16:54 | hoyohoyo9 · first_market_buy 100 wood |
| 19:33 | AttachedPoet380 · first_building Castle |
| 31:23 | hoyohoyo9 · first_building Castle |
| 33:06 | AttachedPoet380 · first_building Barracks |
| 33:50 | AttachedPoet380 · first_building Stable |
| 36:42 | hoyohoyo9 · first_building Barracks |
| 37:26 | AttachedPoet380 · first_building Monastery |
| 39:26 | hoyohoyo9 · resign |
[ AI ANALYSIS · 1 CREDIT ]
What really happened in this match?
Wolo.gg analyzes every decision: build order, eco, micro, common mistakes by bracket. Personalized analysis on WhatsApp or Discord in 30 seconds.
Civ guide
Bengalis
Perfil
Jugador #237553